 Dungeon Crawl Stone Soup version 0.30.0-29-ga12c61a403 (webtiles) character file.

Game seed: 7380974561610462381

200 Fecro the Covert (level 5, -1/26 HPs)
             Began as a Spriggan Brigand on June 20, 2023.
             Killed by nerve-wracking pain
             ... invoked by an orc priest
              (14 damage)
             ... on level 3 of the Dungeon.
             The game lasted 00:10:00 (3144 turns).

Fecro the Covert (Spriggan Brigand)                 Turns: 3144, Time: 00:10:00

Health: -1/26      AC:  3    Str:  7    XL:     5   Next: 48%
Magic:  6/6        EV: 17    Int: 13    God:
Gold:   139        SH:  0    Dex: 18    Spells: 4/4 levels left

rFire   . . .        a - +2 dagger
rCold   . . .        (no shield)
rNeg    . . .        b - +0 robe
rPois   .            (helmet restricted)
rElec   .            c - +0 cloak
rCorr   .            (gloves unavailable)
SInv    +            (boots unavailable)
Will    .....        (no amulet)
Stlth   ++++         (no ring)
HPRegen 0.24/turn    (no ring)
MPRegen 0.10/turn

%: no passive effects
@: very quick
A: very small, no large weapons, unfitting armour, see invisible, speed 3
a: no special abilities


You were on level 3 of the Dungeon.
You visited 1 branch of the dungeon, and saw 4 of its levels.

You collected 139 gold pieces.

Inventory:

Hand Weapons
 a - a +2 dagger (weapon)
 m - a +0 sling of flaming
Missiles
 d - 12 poisoned darts (quivered)
 k - 42 stones
 w - a throwing net
Armour
 b - a +0 robe (worn)
 c - a +0 cloak (worn)
Wands
 e - a wand of flame (10)
 u - a wand of paralysis (4)
Scrolls
 n - a scroll of enchant weapon
 q - a scroll of fog
 r - a scroll of amnesia {unknown}
 s - 2 scrolls of enchant armour
 x - a scroll of blinking {unknown}
Potions
 f - a potion of curing
 g - a potion of flight {unknown}
 h - 2 potions of magic
 i - a potion of ambrosia {unknown}
 j - a potion of lignification {unknown}
 l - a potion of haste {unknown}
 o - a potion of attraction {unknown}
 p - a potion of might {unknown}
 v - a potion of cancellation {unknown}


   Skills:
 + Level 2.0 Fighting
 + Level 3.4 Short Blades
 + Level 0.1 Ranged Weapons
 * Level 2.6 Throwing
 + Level 2.4 Dodging
 * Level 8.5 Stealth


You had 4 spell levels left.
You didn't know any spells.
Your spell library contained the following spells:

 Spells                   Type           Power      Damage    Failure   Level
 Ozocubu's Armour         Ice            0%         N/A       67%         3
 Ozocubu's Refrigeration  Ice            0%         4d7       100%        7


Dungeon Overview and Level Annotations

Branches:
Dungeon (4/15)
 Temple: D:4-7

Altars:
Vehumet
The Shining One

Shops:
D:2 *


Innate Abilities, Weirdness & Mutations

You are very small and have problems with some larger weapons.
You are too small for most types of armour.
You have supernaturally acute eyesight. (SInv)
You cover ground extremely quickly. (Speed+++)


Message History

HP restored.
Okay, then.
You climb downwards.
The orc priest invokes the aid of Beogh against you.
You resist with significant effort.
There is a stone staircase leading up, spattered with blood here.
Throw: 15 darts (poison)
Press: ? - help, Q - select action, (/) - cycle Shift-Dir - straight line, f - orc priest
Aim: an orc priest, wielding a +0 whip (63% to hit)
You throw a poisoned dart.
The poisoned dart closely misses the orc priest.
The orc priest invokes the aid of Beogh against you.
Beogh smites you!
You climb upwards.
There is a stone staircase leading down here.
You start resting.
HP restored.
You climb downwards.
There is a stone staircase leading up, spattered with blood here.
The orc priest looks encouraged for a moment.
You climb upwards.
There is a stone staircase leading down here.
The orc priest closely misses you.
Okay, then.
Throw: 14 darts (poison)
Press: ? - help, Q - select action, (/) - cycle Shift-Dir - straight line, f - orc priest
Aim: an orc priest, wielding a +0 whip (63% to hit)
You throw a poisoned dart. The poisoned dart hits the orc priest.
Throw: 13 darts (poison)
Press: ? - help, Q - select action, (/) - cycle Shift-Dir - straight line, f/p - orc priest
Aim: an orc priest, wielding a +0 whip (63% to hit)
You throw a poisoned dart. The poisoned dart hits the orc priest.
The orc priest is poisoned.
The orc priest mumbles some strange prayers to Beogh against you.
Pain shoots through your body!
Ouch! That really hurt!
The orc priest invokes the aid of Beogh against you.
Pain shoots through your body!
Ouch! That really hurt!
You die...

#.....# ###.### #.....# #.#
#$÷...#########.###
##>................
#.................
#..###########.#.# #.....#
#†#.# #.###.# #.#.#
#####@###(# #.#.#
#.......o.# #.#.#
#.........# #.#.#
#.........# #.#.#
#.........# #.#.#
#####.###.# #.#)#
##########.###.########.#.#
#..............†.l.........
###############)#.#####.#..


You could see an orc priest (poisoned).

Vanquished Creatures
  2 iguanas
  An orc wizard (D:4)
  4 adders
  2 worms
  3 dart slugs (D:3)
  4 orcs
  6 bats
  5 endoplasms
  6 giant cockroaches
  4 goblins
  6 hobgoblins
  2 jackals (D:1)
  4 quokkas
  9 ball pythons
  3 frilled lizards
  9 kobolds
  6 rats
76 creatures vanquished.

Notes
Turn   | Place    | Note
-------+----------+-------------------------------------------
     0 | D:1      | Fecro the Spriggan Brigand began the quest for the Orb.
     0 | D:1      | Reached XP level 1. HP: 10/10 MP: 2/2
    47 | D:1      | Found a faded altar of an unknown god.
    66 | D:1      | Reached skill level 6 in Stealth
   117 | D:1      | Reached XP level 2. HP: 14/15 MP: 3/3
   634 | D:1      | Reached skill level 7 in Stealth
   979 | D:2      | Reached XP level 3. HP: 18/18 MP: 4/4
  1093 | D:2      | Found Baorgh's Assorted Antiques.
  1400 | D:2      | Found a glowing golden altar of the Shining One.
  1574 | D:2      | Reached XP level 4. HP: 23/23 MP: 5/5
  2063 | D:3      | Reached skill level 8 in Stealth
  2771 | D:4      | Reached XP level 5. HP: 26/26 MP: 6/6
  2803 | D:4      | Found a radiant altar of Vehumet.
  3144 | D:3      | Killed from afar by an orc priest

Illustrated notes

Levels and vault maps discovered:
D:1:      dpeg_arrival_leaves_temple_mockup, layout_loops_ring,
          ebering_ecumenical_altar_ruins, minmay_tall_x
D:2:      layout_basic, serial_shops, shop, serial_forest,
          infiniplex_forest_lined_3, infiniplex_forest_zigzag_2,
          infiniplex_forest_diagonal, infiniplex_forest_end_2,
          infiniplex_forest_end_2, basic_altar
D:3:      layout_basic
D:4:      layout_gridville, mainiacjoe_overflow_catwalk, vehumet_altar_wand_db,
          nrook_uturn

Skill      XL: |  1  2  3  4  5 |
---------------+----------------+-----
Stealth        | 6 7 8 |  8.5
Dodging        | 2 |  2.4
Short Blades   | 3 |  3.4
Fighting       | 2 |  2.0
Ranged Weapons | |  0.1
Throwing       | |  2.6

Action                     |  1- 3 |  4- 6 || total
---------------------------+-------+-------++-------
  Melee: Dagger            |   145 |   114 ||   259
         Punch             |     1 |     2 ||     3
   Fire: Sling             |       |    16 ||    16
  Throw: Dart              |     3 |     7 ||    10
    Use: Scroll            |     3 |     4 ||     7
         Potion            |     1 |       ||     1
   Stab: Sleeping          |    18 |     7 ||    25
         Distracted        |     1 |       ||     1
 Armour: Robe              |    21 |     8 ||    29
  Dodge: Dodged            |    99 |    77 ||   176
